 Dungeon Crawl Stone Soup version 0.31-a0-1236-gaa9e43cceb (webtiles) character file.

Game seed: 3672620539391450329

874 Bnni the Poker (level 8, -22/65 HPs)
             Began as a Formicid Fighter on Dec 15, 2023.
             Annihilated by an ogre
             ... wielding a +0 giant club
              (28 damage)
             ... on level 4 of the Dungeon.
             The game lasted 00:06:22 (4317 turns).

Bnni the Poker (Formicid Fighter)                   Turns: 4317, Time: 00:06:23

Health: -22/65     AC:  6    Str: 24    XL:     8   Next: 24%
Magic:  8/8        EV:  9    Int:  7    God:
Gold:   161        SH:  5    Dex: 13    Spells: 7/7 levels left

rFire   + . .        a - +0 trident
rCold   + . .        c - +0 buckler
rNeg    . . .        b - +0 scale mail
rPois   .            (helmet unavailable)
rElec   .            s - scarf {rC+ rF+}
rCorr   .            (no gloves)
SInv    +            (no boots)
Will    .....        (no amulet) Stlth
                     (no ring)
HPRegen 0.30/turn    (no ring)
MPRegen 0.11/turn

%: no passive effects
@: no status effects
A: permanent stasis, dig shafts and tunnels, antennae 3, four strong arms
a: Dig, Shaft Self


You were on level 4 of the Dungeon.
You visited 1 branch of the dungeon, and saw 5 of its levels.
You also visited: Sewer.

You collected 161 gold pieces.

Inventory:

Hand Weapons
 a - a +0 trident (weapon)
Missiles
 n - 8 poisoned darts
Armour
 b - a +0 scale mail (worn)
 c - a +0 buckler (worn)
 s - a scarf of resistance (worn)
 t - a +0 cloak
Wands
 f - a wand of polymorph (6)
 r - a wand of roots (5)
 w - a wand of charming (12)
Scrolls
 e - 3 scrolls of noise {unknown}
 k - a scroll of enchant armour {unknown}
 l - a scroll of fog {unknown}
 m - 3 scrolls of brand weapon {unknown}
 p - a scroll of teleportation {unknown}
 q - 2 scrolls of revelation {unknown}
 v - a scroll of immolation {unknown}
Potions
 d - 4 potions of might
 g - 2 potions of enlightenment
 h - 2 potions of curing {unknown}
 i - 5 potions of heal wounds
 j - a potion of berserk rage {unknown}
 o - a potion of attraction
 u - a potion of ambrosia {unknown}


   Skills:
 + Level 6.4 Fighting
 * Level 7.4 Polearms
 - Level 3.2 Armour
 - Level 4.0 Shields


You had 7 spell levels left.
You didn't know any spells.
Your spell library contained the following spells:

 Spells                   Type           Power      Damage    Failure   Level
 Shock                    Conj/Air       0%         1d3       80%         1
 Ensorcelled Hibernation  Hex/Ice        0%         N/A       90%         2
 Jinxbite                 Hex            0%         N/A       90%         2
 Scorch                   Fire           0%         2d5       90%         2
 Airstrike                Air            0%         2d(0-16)  100%        4
 Anguish                  Hex/Necr       0%         N/A       100%        4
 Flame Wave               Conj/Fire      0%         2d4       100%        4
 Summon Cactus Giant      Summ           0%         N/A       100%        6
 Swiftness                Air            Unusable   N/A       N/A         3

Dungeon Overview and Level Annotations

Branches:
Dungeon (5/15)              Sewer (visited)
 Temple: D:4-7

Altars:

Shops:
D:2 (


Innate Abilities, Weirdness & Mutations

You cannot be hasted, slowed, berserked, paralysed or teleported.
You can dig through walls and to a lower floor.
You have a pair of large antennae on your head. (SInv)
Your four strong arms can wield two-handed weapons with a shield.


Message History

The ogre completely misses you. You block the orc's attack.
The orc hits you with a +0 flail.
You climb upwards.
There is a stone staircase leading down here.
Unknown command.
The orc barely misses you. The orc attacks as it pursues you!
You block the orc's attack.
Things that are here:
a +0 leather armour; a +0 short sword; an orc corpse The orc attacks as it pursues you!
The orc hits you with a +0 short sword. The orc attacks as it pursues you!
The orc hits you but does no damage.
You reach to attack!
You puncture the ogre!
The ogre is moderately wounded.
You reach to attack!
You hit the ogre.
The ogre is moderately wounded.
You hit the ogre.
The ogre is heavily wounded.
The ogre hits you with a +0 giant club!!
* * * LOW HITPOINT WARNING * * *
You are too injured to fight recklessly!
You are too injured to fight recklessly!
You are too injured to fight recklessly!
You are too injured to fight recklessly!
You are too injured to fight recklessly!
You are too injured to fight recklessly!
You are too injured to fight recklessly!
You are too injured to fight recklessly!
You are too injured to fight recklessly!
You are too injured to fight recklessly!
You are too injured to fight recklessly!
You are too injured to fight recklessly!
You are too injured to fight recklessly!
You are too injured to fight recklessly!
You are too injured to fight recklessly!
You puncture the ogre!
The ogre is almost dead.
You barely miss the ogre.
The ogre is almost dead.
The ogre hits you with a +0 giant club!!
You die...

.##.###.#...##.#######.######.#
.##.......#.#.## #.# #.#
.#...##.#....## #.# #.#
...........### #.# #.#
.......#...# ###.### #.#
.......#...# #.....# #.#
.......#...# ##.....## #.#
#.....##...########.......# #.#
##...###....>...@Ooo.[....# #.#
###.## #..##########.[>...#
#.### <#...###..# ###)##.#
#.... .#........#########
#.##.#######
.#...####.........####.##..# #
.##.## ##.............###.# #
###.# #.########.#### #.# # #.#
#÷#........# #.# #
###.######÷#......#.# #.# #


You could see an ogre and 2 orcs.

Vanquished Creatures
  A kobold brigand (Sewer)
  2 phantoms (D:4)
  A centaur zombie (D:4)
  Crazy Yiuf (D:3)
  2 hounds (D:4)
  An iguana (D:4)
  Ijyb (D:3)
  Natasha (thrice) (D:4)
  An orc wizard (D:4)
  3 scorpion zombies (D:4)
  A hound zombie (D:4)
  7 adders
  3 gnolls (D:1)
  4 river rats
  2 adder skeletons (D:4)
  3 worms
  A dart slug (D:4)
  7 orcs
  3 bats
  13 endoplasms
  6 giant cockroaches
  9 goblins
  4 hobgoblins
  5 jackals
  9 quokkas
  6 ball pythons
  2 frilled lizards (D:3)
  7 kobolds
  8 rats
116 creatures vanquished.

Vanquished Creatures (others)
  A kobold brigand (Sewer)
1 creature vanquished.

Grand Total: 117 creatures vanquished

Notes
Turn   | Place    | Note
-------+----------+-------------------------------------------
     0 | D:1      | Bnni the Formicid Fighter began the quest for the Orb.
     0 | D:1      | Reached XP level 1. HP: 18/18 MP: 1/1
   133 | D:1      | Reached XP level 2. HP: 24/24 MP: 2/2
   458 | D:1      | Reached XP level 3. HP: 30/30 MP: 3/3
   572 | D:2      | Reached skill level 3 in Polearms
   768 | D:1      | Reached XP level 4. HP: 19/37 MP: 4/4
  1116 | D:2      | Found Gungu's Weapon Emporium.
  1246 | D:2      | Reached skill level 4 in Polearms
  1253 | D:2      | Reached XP level 5. HP: 41/42 MP: 5/5
  1445 | D:3      | Noticed Ijyb
  1471 | D:3      | Killed Ijyb
  1696 | D:3      | Found a glowing drain.
  1710 | Sewer    | Entered a sewer
  1858 | Sewer    | Noticed a kobold brigand
  2006 | Sewer    | Noticed a kobold brigand
  2043 | Sewer    | Killed a kobold brigand
  2044 | Sewer    | Reached skill level 5 in Polearms
  2044 | Sewer    | Reached XP level 6. HP: 25/50 MP: 6/6
  2059 | Sewer    | Reached skill level 5 in Fighting
  2200 | Sewer    | Found a white marble altar of Elyvilon.
  2961 | D:3      | Found a runed translucent door.
  3032 | D:3      | Noticed Crazy Yiuf
  3042 | D:3      | Killed Crazy Yiuf
  3043 | D:3      | Reached XP level 7. HP: 20/56 MP: 7/7
  3457 | D:4      | Reached skill level 6 in Polearms
  3745 | D:4      | Noticed Natasha
  3753 | D:4      | Killed Natasha
  3763 | D:4      | Noticed Natasha
  3773 | D:4      | Killed Natasha
  3827 | D:4      | Noticed Natasha
  3837 | D:4      | Killed Natasha
  3969 | D:4      | Reached skill level 7 in Polearms
  3969 | D:4      | Reached XP level 8. HP: 58/64 MP: 8/8
  4291 | D:5      | Entered Level 5 of the Dungeon
  4317 | D:4      | Annihilated by an ogre

Illustrated notes

Levels and vault maps discovered:
D:1:      kennysheep_arrival_seaside, layout_rooms, dreamdust_princess_bridge
D:2:      layout_rooms, serial_shops, nicolae_shop_tiny_statue_garden
D:3:      layout_loops_corners, gup_sewer_entry_bubbles,
          uniq_crazy_yiuf_cottage, uniq_ijyb
D:4:      cheibrodos_old_hovel, layout_loops_ring, serial_undead,
          serial_undead_d, serial_undead_d, serial_undead_c, serial_undead_a,
          uniq_natasha
D:5:      layout_loops_cross, lemuel_doored_altar, elyvilon_altar_3,
          kennysheep_another_room

Skill      XL: |  1  2  3  4  5  6  7 |
---------------+----------------------+-----
Polearms       | 3 4 5 7 |  7.4
Fighting       | 4 5 6 |  6.4
Armour         | |  3.2
Shields        | |  4.0

Action                     |  1- 3 |  4- 6 |  7- 9 || total
---------------------------+-------+-------+-------++-------
  Melee: Trident           |    72 |   254 |   180 ||   506
Ability: Dig               |       |     1 |       ||     1
    Use: Scroll            |       |     5 |       ||     5
         Potion            |       |     2 |       ||     2
   Stab: Invisible         |       |     5 |       ||     5
 Armour: Scale mail        |    40 |   133 |   100 ||   273
  Dodge: Dodged            |    31 |    91 |    75 ||   197
  Block: Buckler           |    12 |    34 |    26 ||    72

Table legend: (Time is in decaauts)
 A = Elapsed time spent in this place.
 B = Non-inter-level travel time spent in this place.
 C = Inter-level travel time spent in this place.
 D = Time resting spent in this place.
 E = Time spent auto-exploring this place.
 F = Levels seen in this place.
 G = Mean time per level.
                   A        B        C        D        E       F      G
               +--------+--------+--------+--------+--------+-----+--------+
         Total |   4444 |   4216 |    228 |    440 |   2694 |   6 |  740.7 |
       Dungeon |   3792 |   3564 |    228 |    208 |   2480 |   5 |  758.4 |
         Sewer |    652 |    652 |      0 |    232 |    214 |   1 |  652.0 |
               +--------+--------+--------+--------+--------+-----+--------+

Top non-repeatable levels by time:
     D:3: 1363 daAuts
     D:4: 953 daAuts
     D:1: 812 daAuts
     D:2: 657 daAuts
   Sewer: 652 daAuts
     D:5: 6 daAuts
